TOP OF THE 1ST |
Nashua Redlegs batting - Pitching for Savannah Hogs : RHP Landon Bailey
|
Pitching: RHP Landon Bailey
|
|
Batting: LHB Derrek Robinson
|
0-0: Ball 1-0: Ball 2-0: Ball 3-0: Base on Balls
|
Batting: RHB Currito Campos
|
0-0: Ball 1-0: Called Strike 1-1: Ball 2-1: SINGLE (Groundball, 56) (infield hit) Derrek Robinson to second
|
Batting: LHB Bob Campbell
|
0-0: Foul Ball, location: 2F 0-1: Called Strike 0-2: SINGLE (Flyball, 8RS) Derrek Robinson to third Currito Campos to second
|
Batting: RHB Dave Warren
|
0-0: Ball 1-0: Foul Ball, location: 2F 1-1: Ball 2-1: Foul Ball, location: 2F 2-2: Foul Ball, location: 2F 2-2: Foul Ball, location: 2F 2-2: Ball 3-2: Strikes out swinging
|
Batting: RHB Jorge Valenzuela
|
0-0: Ball 1-0: Grounds into double play, 6-4-3 (Groundball, 6)
|
Top of the 1st over - 0 run(s), 2 hit(s), 0 error(s), 2 left on base; Nashua 0 - Savannah 0 |
BOTTOM OF THE 1ST |
Savannah Hogs batting - Pitching for Nashua Redlegs : RHP Tomás Silva
|
Pitching: RHP Tomás Silva
|
|
Batting: LHB Seth Sullivan
|
0-0: SINGLE (Line Drive, 8RS)
|
Batting: RHB Marlon Hernández
|
0-0: Ground out 5-3 (Groundball, 56S) Seth Sullivan to second
|
Batting: RHB Henry Haines
|
0-0: Called Strike 0-1: Called Strike 0-2: Foul Ball, location: 2F 0-2: Foul Ball, location: 2F 0-2: Ball 1-2: SINGLE (Groundball, 6MD) Seth Sullivan to third Runner from 3rd tries for Home, throw and OUT!
|
Batting: SHB Juan Soriano
|
0-0: Called Strike 0-1: Ball 1-1: Swinging Strike 1-2: Ball 2-2: Strikes out swinging
|
Bottom of the 1st over - 0 run(s), 2 hit(s), 0 error(s), 1 left on base; Nashua 0 - Savannah 0 |
TOP OF THE 2ND |
Nashua Redlegs batting - Pitching for Savannah Hogs : RHP Landon Bailey
|
Batting: RHB William Rogers
|
0-0: Called Strike 0-1: Called Strike 0-2: Foul Ball, location: 2F 0-2: Strikes out swinging
|
Batting: RHB Spencer Pritchett
|
0-0: Called Strike 0-1: Ground out 1-3 (Groundball, 15S)
|
Batting: RHB António Pérez
|
0-0: SINGLE (Groundball, 56D)
|
Batting: RHB Gerald Miller
|
0-0: Ball 1-0: Swinging Strike 1-1: Ball 2-1: Ball 3-1: Called Strike 3-2: Strikes out swinging
|
Top of the 2nd over - 0 run(s), 1 hit(s), 0 error(s), 1 left on base; Nashua 0 - Savannah 0 |
BOTTOM OF THE 2ND |
Savannah Hogs batting - Pitching for Nashua Redlegs : RHP Tomás Silva
|
Batting: LHB Juan Vásquez
|
0-0: Ball 1-0: Ball 2-0: Ball 3-0: Base on Balls
|
Batting: RHB Guillermo González
|
0-0: Ball Juan Vásquez is caught stealing 2nd base 1-0: Ground out 5-3 (Groundball, 5)
|
Batting: LHB Miguel Medellín
|
0-0: Ball 1-0: Ball 2-0: Swinging Strike 2-1: Ball 3-1: SINGLE (Flyball, 9S)
|
Batting: LHB Guillermo Santos
|
0-0: Called Strike 0-1: Ball 1-1: Ground out U3 (Groundball, 3S)
|
Bottom of the 2nd over - 0 run(s), 1 hit(s), 0 error(s), 1 left on base; Nashua 0 - Savannah 0 |
TOP OF THE 3RD |
Nashua Redlegs batting - Pitching for Savannah Hogs : RHP Landon Bailey
|
Batting: LHB Derrek Robinson
|
0-0: Called Strike 0-1: Ball 1-1: Foul Ball, location: 2F 1-2: Ball 2-2: Foul Ball, location: 2F 2-2: Fly out, F9 (Flyball, 9S)
|
Batting: RHB Currito Campos
|
0-0: Swinging Strike 0-1: Ball 1-1: Ground out 6-3 (Groundball, 6)
|
Batting: LHB Bob Campbell
|
0-0: Ball 1-0: Called Strike 1-1: Ground out 6-3 (Groundball, 6)
|
Top of the 3rd over - 0 run(s), 0 hit(s), 0 error(s), 0 left on base; Nashua 0 - Savannah 0 |
BOTTOM OF THE 3RD |
Savannah Hogs batting - Pitching for Nashua Redlegs : RHP Tomás Silva
|
Batting: LHB Marv Alexander
|
0-0: Fly out, F7 (Flyball, 7)
|
Batting: LHB Seth Sullivan
|
0-0: Ball 1-0: Foul Ball, location: 2F 1-1: Called Strike 1-2: Foul Ball, location: 2F 1-2: SINGLE (Groundball, 25) (infield hit)
|
Batting: RHB Marlon Hernández
|
0-0: Ball 1-0: Ball 2-0: Foul Ball, location: 2F 2-1: Foul Ball, location: 2F 2-2: Grounds into double play, 5-4-3 (Groundball, 56)
|
Bottom of the 3rd over - 0 run(s), 1 hit(s), 0 error(s), 0 left on base; Nashua 0 - Savannah 0 |
TOP OF THE 4TH |
Nashua Redlegs batting - Pitching for Savannah Hogs : RHP Landon Bailey
|
Batting: RHB Dave Warren
|
0-0: Called Strike 0-1: Called Strike 0-2: Foul Ball, location: 2F 0-2: Ground out 1-3 (Groundball, 13S)
|
Batting: RHB Jorge Valenzuela
|
0-0: Foul Ball, location: 2F 0-1: Fly out, F9 (Flyball, 9LM)
|
Batting: RHB William Rogers
|
0-0: SOLO HOME RUN (Flyball, 89XD), Distance : 393 ft
|
Batting: RHB Spencer Pritchett
|
0-0: Called Strike 0-1: Ball 1-1: Ball 2-1: Foul Ball, location: 2F 2-2: Foul Ball, location: 2F 2-2: Foul Ball, location: 2F 2-2: Strikes out looking
|
Top of the 4th over - 1 run(s), 1 hit(s), 0 error(s), 0 left on base; Nashua 1 - Savannah 0 |
BOTTOM OF THE 4TH |
Savannah Hogs batting - Pitching for Nashua Redlegs : RHP Tomás Silva
|
Batting: RHB Henry Haines
|
0-0: Ball 1-0: Called Strike 1-1: Called Strike 1-2: Strikes out looking
|
Batting: SHB Juan Soriano
|
0-0: Called Strike 0-1: Ball 1-1: Fly out, F6 (Popup, 6MD)
|
Batting: LHB Juan Vásquez
|
0-0: Ball 1-0: Foul Ball, location: 2F 1-1: Foul Ball, location: 2F 1-2: SINGLE (Line Drive, 89M)
|
Batting: RHB Guillermo González
|
0-0: Ball Pickoff Throw by Catcher to First - Error! E2 Juan Vásquez to second 1-0: Ball 2-0: Ball 3-0: Base on Balls
|
Batting: LHB Miguel Medellín
|
0-0: Ball 1-0: Ball 2-0: Fly out, F8 (Flyball, 8LS)
|
Bottom of the 4th over - 0 run(s), 1 hit(s), 1 error(s), 2 left on base; Nashua 1 - Savannah 0 |
TOP OF THE 5TH |
Nashua Redlegs batting - Pitching for Savannah Hogs : RHP Landon Bailey
|
Batting: RHB António Pérez
|
0-0: Called Strike 0-1: Called Strike 0-2: Fly out, F9 (Flyball, 89S)
|
Batting: RHB Gerald Miller
|
0-0: Ball 1-0: Fly out, F3 (Popup, 34)
|
Batting: LHB Derrek Robinson
|
0-0: Called Strike 0-1: Ball 1-1: Foul Ball, location: 2F 1-2: Ball 2-2: Ball 3-2: Base on Balls
|
Batting: RHB Currito Campos
|
0-0: Called Strike 0-1: Foul Ball, location: 2F 0-2: Strikes out swinging
|
Top of the 5th over - 0 run(s), 0 hit(s), 0 error(s), 1 left on base; Nashua 1 - Savannah 0 |
BOTTOM OF THE 5TH |
Savannah Hogs batting - Pitching for Nashua Redlegs : RHP Tomás Silva
|
Batting: LHB Guillermo Santos
|
0-0: Called Strike 0-1: Foul Ball, location: 2F 0-2: Foul Ball, location: 2F 0-2: Foul Ball, location: 2F 0-2: Strikes out swinging
|
Batting: LHB Marv Alexander
|
0-0: Ball 1-0: Ball 2-0: Called Strike 2-1: Ball 3-1: Base on Balls
|
Batting: LHB Seth Sullivan
|
0-0: Called Strike 0-1: Ball 1-1: Called Strike 1-2: Foul Ball, location: 2F 1-2: Fielders Choice at 2nd, 5-4 (Groundball, 5D)
|
Batting: RHB Marlon Hernández
|
0-0: Ball 1-0: Swinging Strike 1-1: Swinging Strike 1-2: Strikes out looking
|
Bottom of the 5th over - 0 run(s), 0 hit(s), 0 error(s), 1 left on base; Nashua 1 - Savannah 0 |
TOP OF THE 6TH |
Nashua Redlegs batting - Pitching for Savannah Hogs : RHP Landon Bailey
|
Batting: LHB Bob Campbell
|
0-0: Called Strike 0-1: Ground out 4-3 (Groundball, 4)
|
Batting: RHB Dave Warren
|
0-0: Ball 1-0: Ball 2-0: Foul Ball, location: 2F 2-1: Ball 3-1: Foul Ball, location: 2F 3-2: Base on Balls
|
Batting: RHB Jorge Valenzuela
|
0-0: Called Strike 0-1: DOUBLE (Line Drive, 8LD) Dave Warren to third Runner from 3rd tries for Home, SAFE, throw made home
|
Batting: RHB William Rogers
|
0-0: Ball 1-0: Called Strike 1-1: SINGLE (Groundball, 4D) Jorge Valenzuela to third Runner from 3rd tries for Home, SAFE, throw made home William Rogers to second
|
Batting: RHB Spencer Pritchett
|
0-0: Intentional Walk
|
Pitching: LHP Alan Baca
|
|
Batting: RHB António Pérez
|
0-0: Foul Ball, location: 2F 0-1: Foul Ball, location: 2F 0-2: Ball 1-2: Strikes out swinging
|
Batting: RHB Gerald Miller
|
0-0: Swinging Strike 0-1: Foul Ball, location: 2F 0-2: Ball 1-2: Strikes out swinging
|
Top of the 6th over - 2 run(s), 2 hit(s), 0 error(s), 2 left on base; Nashua 3 - Savannah 0 |
BOTTOM OF THE 6TH |
Savannah Hogs batting - Pitching for Nashua Redlegs : RHP Tomás Silva
|
Batting: RHB Henry Haines
|
0-0: Called Strike 0-1: Called Strike 0-2: Ground out 6-3 (Groundball, 6)
|
Batting: SHB Juan Soriano
|
0-0: Called Strike 0-1: Ball 1-1: Ball 2-1: Ball 3-1: Fly out, F7 (Flyball, 78M)
|
Batting: LHB Juan Vásquez
|
0-0: Called Strike 0-1: Called Strike 0-2: Ball 1-2: Ball 2-2: Ground out U3 (Groundball, 34)
|
Bottom of the 6th over - 0 run(s), 0 hit(s), 0 error(s), 0 left on base; Nashua 3 - Savannah 0 |
TOP OF THE 7TH |
Nashua Redlegs batting - Pitching for Savannah Hogs : LHP Alan Baca
|
Batting: LHB Derrek Robinson
|
0-0: Called Strike 0-1: Swinging Strike 0-2: Ball 1-2: Strikes out looking
|
Batting: RHB Currito Campos
|
0-0: Ball 1-0: Foul Ball, location: 2F 1-1: Ball 2-1: Ground out 1-3 (Groundball, 15S)
|
Batting: LHB Bob Campbell
|
0-0: Ball 1-0: Ball 2-0: Foul Ball, location: 2F 2-1: SINGLE (Groundball, 6MD)
|
Batting: RHB Dave Warren
|
0-0: Ball Bob Campbell steals 2nd base 1-0: Intentional Walk
|
Batting: RHB Jorge Valenzuela
|
0-0: Called Strike 0-1: Ball 1-1: Fly out, F8 (Flyball, 8RS)
|
Top of the 7th over - 0 run(s), 1 hit(s), 0 error(s), 2 left on base; Nashua 3 - Savannah 0 |
BOTTOM OF THE 7TH |
Savannah Hogs batting - Pitching for Nashua Redlegs : RHP Tomás Silva
|
Pitching: RHP Samuel Farrell
|
|
Batting: RHB Guillermo González
|
0-0: Ball 1-0: SINGLE (Flyball, 89M)
|
Batting: LHB Miguel Medellín
|
0-0: Called Strike 0-1: Ball 1-1: Ball 2-1: Fly out, F6 (Line Drive, 6)
|
Batting: LHB Guillermo Santos
|
0-0: Ball Guillermo González steals 2nd base 1-0: Fly out, F9 (Flyball, 9LS)
|
Batting: LHB Marv Alexander
|
0-0: Called Strike 0-1: Ball 1-1: SINGLE (Line Drive, 4MD) Guillermo González to third Runner from 3rd tries for Home, SAFE, no throw
|
Batting: LHB Seth Sullivan
|
0-0: Ball 1-0: Ball 2-0: Ball 3-0: Called Strike 3-1: Called Strike 3-2: Foul Ball, location: 2F 3-2: Foul Ball, location: 2F 3-2: Foul Ball, location: 2F 3-2: Fly out, F5 (Flyball, 5D)
|
Bottom of the 7th over - 1 run(s), 2 hit(s), 0 error(s), 1 left on base; Nashua 3 - Savannah 1 |
TOP OF THE 8TH |
Nashua Redlegs batting - Pitching for Savannah Hogs : LHP Alan Baca
|
Batting: RHB William Rogers
|
0-0: Called Strike 0-1: Foul Ball, location: 2F 0-2: Ground out 5-3 (Groundball, 56S)
|
Batting: RHB Spencer Pritchett
|
0-0: Ball 1-0: Called Strike 1-1: Foul Ball, location: 2F 1-2: Strikes out swinging
|
Batting: RHB António Pérez
|
0-0: Reached on error, E5 (Groundball, 5)
|
Batting: RHB Jason Fuller
|
0-0: Foul Ball, location: 2F 0-1: Ball 1-1: Ball 2-1: Fielders Choice at 2nd, 6-4 (Groundball, 6)
|
Top of the 8th over - 0 run(s), 0 hit(s), 1 error(s), 0 left on base; Nashua 3 - Savannah 1 |
BOTTOM OF THE 8TH |
Savannah Hogs batting - Pitching for Nashua Redlegs : RHP Samuel Farrell
|
Now at C: Ian Howard
|
|
Now at 3B: Jason Fuller
|
|
Batting: RHB Marlon Hernández
|
0-0: DOUBLE (Line Drive, 9)
|
Batting: RHB Henry Haines
|
0-0: Ball 1-0: Called Strike 1-1: Foul Ball, location: 2F 1-2: Strikes out swinging
|
Batting: SHB Juan Soriano
|
0-0: Foul Ball, location: 2F 0-1: Foul Ball, location: 2F 0-2: Strikes out swinging
|
Pitching: LHP Keith Burns
|
|
Batting: LHB Juan Vásquez
|
0-0: Ball 1-0: Fly out, F2 (Popup, 56S)
|
Bottom of the 8th over - 0 run(s), 1 hit(s), 0 error(s), 1 left on base; Nashua 3 - Savannah 1 |
TOP OF THE 9TH |
Nashua Redlegs batting - Pitching for Savannah Hogs : LHP Alan Baca
|
Batting: LHB Derrek Robinson
|
0-0: Ground out 4-3 (Groundball, 4)
|
Batting: RHB Currito Campos
|
0-0: Ball 1-0: Foul Ball, location: 2F 1-1: SINGLE (Line Drive, 4M)
|
Batting: LHB Bob Campbell
|
0-0: Swinging Strike 0-1: Foul Ball, location: 2F 0-2: Strikes out looking
|
Batting: RHB Dave Warren
|
0-0: DOUBLE (Flyball, 78D) Currito Campos to third Runner from 3rd tries for Home, SAFE, no throw
|
Batting: RHB Jorge Valenzuela
|
0-0: Called Strike 0-1: Fly out, F9 (Flyball, 89M)
|
Top of the 9th over - 1 run(s), 2 hit(s), 0 error(s), 1 left on base; Nashua 4 - Savannah 1 |
BOTTOM OF THE 9TH |
Savannah Hogs batting - Pitching for Nashua Redlegs : LHP Keith Burns
|
Pitching: RHP Wayne Williams
|
|
Now in LF: Alonso Carbajal
|
|
Batting: RHB Guillermo González
|
0-0: Called Strike 0-1: Ground out 4-3 (Groundball, 4M)
|
Batting: LHB Miguel Medellín
|
0-0: Foul Ball, location: 2F 0-1: Called Strike 0-2: Fly out, F5 (Popup, 56S)
|
Batting: LHB Guillermo Santos
|
0-0: Ball 1-0: Called Strike 1-1: Swinging Strike 1-2: Foul Ball, location: 2F 1-2: Ball 2-2: Foul Ball, location: 2F 2-2: Strikes out swinging
|
Bottom of the 9th over - 0 run(s), 0 hit(s), 0 error(s), 0 left on base; Nashua 4 - Savannah 1 |
|